[Event "*** Titled Tuesday Blitz"]
[Site "Chess.com"]
[Date "2021.04.06"]
[Round "9"]
[White "DamianoLew95"]
[Black "Leonid_Starozhilov"]
[Result "1-0"]
[WhiteElo "2576"]
[BlackElo "2703"]
[TimeControl "180+1"]
[EndTime "11:46:25 PDT"]
[Termination "DamianoLew95 won on time"]

1. b4 d5 2. f4 h5 3. Nf3 Nh6 4. Bb2 a5 5. a3 e6 6. b5 c5 7. bxc6 bxc6 8. e3 Nf5 9. Bd3 Ba6 10. Bxf5 exf5 11. d3 Qb6 12. Bd4 c5 13. Bc3 Nc6 14. O-O d4 15. exd4 cxd4 16. Be1 Be7 17. Nbd2 Qc7 18.
Bh4 f6 19. Bg3 Kf7 20. Nh4 g6 21. Qf3 Qd7 22. Rfe1 Bb7 23. Nc4 Ne5 24. fxe5 Bxf3 25. e6+ Qxe6 26. Rxe6 Kxe6 27. Nxg6 Bd5 28. Re1+ Kf7 29.
Nxe7 Bxc4 30. dxc4 Rhe8 31. Nxf5 Rxe1+ 32. Bxe1 Rb8 33. Bxa5 Rb1+ 34. Kf2 Ra1 35. Bb4 Rd1 36. c5 Ke6 37. c6 d3 38. Ne3 dxc2 39. Nxc2 Rc1 40.
Nd4+ Kd5 41. Ke3 h4 42. Ba5 Rc4 43. c7 Kd6 44. Nb5+ Kd7 45. Na7 Rc2 46. c8=Q+ 1-0

[Event "*** Titled Tuesday Blitz"]
[Site "Chess.com"]
[Date "2021.04.06"]
[Round "9"]
[White "volunteers1998"]
[Black "akanga001"]
[Result "0-1"]
[WhiteElo "2195"]
[BlackElo "2050"]
[TimeControl "180+1"]
[EndTime "11:46:25 PDT"]
[Termination "akanga001 won on time"]

1. e4 c6 2. d4 d5 3. e5 c5 4.
c3 Nc6 5. Nf3 e6 6. Bd3 Qb6 7.
O-O Nge7 8. dxc5 Qxc5 9. Be3 Qa5 10. Nbd2 Qc7 11. Re1 Ng6 12. Bxg6 hxg6 13. Bd4 Bd7 14.
a4 Be7 15. c4 Nb4 16. Qb3 dxc4 17. Nxc4 Nd5 18. Nd6+ Bxd6 19. exd6 Qxd6 20. Bxg7 Rh7 21. Be5 Qb4 22. Qxb4 Nxb4 23. Red1 Bc6 24. Nd4 Bd5 25.
Nb5 Na6 26. Nd6+ Kf8 27. Rac1 Rh5 28. f4 g5 29. g3 gxf4 30. gxf4 Rd8 31. Nb5 Kg8 32.
Bf6 Rd7 33. Nd4 Nb4 34. Rc8+ Kh7 35. Rh8+ Kg6 36. f5+ exf5 37. Rxh5 Kxh5 38. Nxf5 Kg6 39. Bc3 Kxf5 40. Bxb4 f6 41. Bc3 Rg7+ 42. Kf2 Rg2+ 43. Ke3 Bc6 44. Rf1+ Kg4 45. Rxf6 Rxh2 46. Rg6+ Kf5 47.
Rf6+ Kg5 48. Rf7 a6 49. Kd4 Rh4+ 50. Kc5 Rxa4 0-1

[Event "*** Titled Tuesday Blitz"]
[Site "Chess.com"]
[Date "2021.04.06"]
[Round "9"]
[White "Alexander_Zubov"]
[Black "Keks2017"]
[Result "1-0"]
[WhiteElo "2976"]
[BlackElo "2568"]
[TimeControl "180+1"]
[EndTime "11:46:26 PDT"]
[Termination "Alexander_Zubov won by checkmate"]

1. d4 Nf6 2. c4 d6 3. Nf3 Nbd7 4. Nc3 e5 5. e4 Be7 6. Be2 O-O 7. O-O c6 8. Re1 Qc7 9. Bf1 Re8 10. b3 b6 11. Bb2 Bb7 12. Rc1 a6 13. d5 c5 14.
g3 Nf8 15. Nh4 Ng6 16. Nf5 Bf8 17. a3 Bc8 18. Qf3 Kh8 19. Rc2 Ng8 20. Bc1 Bd7 21.
h4 Rab8 22. Bd2 N6e7 23. Ne3 f6 24. b4 Nc8 25. Rb1 Na7 26. Rcb2 b5 27. Bd3 Rec8 28. Qe2 bxc4 29. Bxc4 cxb4 30. axb4 Nb5 31. Nxb5 Bxb5 32.
Bxb5 axb5 33. Ra1 Ne7 34. Ra5 Qd7 35. Qd3 g6 36. Rba2 Rb7 37. Ra8 Kg8 38. Nd1 Kf7 39. Nc3 Rc4 40. Rb2 Rbc7 41. Ra5 Rd4 42. Qe2 Rb7 43. Nxb5 Rxe4 44. Nxd6+ Qxd6 45. Qxe4 f5 46. Qc4 Bg7 47. Qc5 Qd7 48. d6 Nc6 49. Qd5+ Kf6 50. Bg5# 1-0

[Event "*** Titled Tuesday Blitz"]
[Site "Chess.com"]
[Date "2021.04.06"]
[Round "9"]
[White "BigAl"]
[Black "Skatchkov_V"]
[Result "1-0"]
[WhiteElo "2511"]
[BlackElo "2603"]
[TimeControl "180+1"]
[EndTime "11:46:26 PDT"]
[Termination "BigAl won by checkmate"]

1. Nf3 d5 2. g3 g6 3. Bg2 Bg7 4.
O-O e5 5. d3 Ne7 6. Nbd2 O-O 7.
e4 Nbc6 8. a4 a5 9. exd5 Nxd5 10. Re1 Re8 11. Nc4 Bg4 12. h3 Bxf3 13. Bxf3 Nd4 14.
Bg2 c6 15. c3 Nf5 16. Qb3 Rb8 17. h4 h6 18. Bd2 Nd6 19. Rad1 Nxc4 20. dxc4 Qb6 21. Qc2 Ne7 22. Be3 Qc7 23. Qc1 Kh7 24. h5 Rbd8 25. hxg6+ fxg6 26. Be4 Nf5 27. Qc2 Qf7 28.
Bb6 Ra8 29. b3 Ra6 30. Bc5 b6 31. Be3 c5 32. Bc1 Ra7 33. Rd5 Rae7 34. Red1 Rf8 35. R5d3 Qe6 36. Rf3 Ref7 37. Bd5 Qe7 38. Bxf7 Rxf7 39.
Qe4 Qe6 40. Qd5 Qe7 41. Qe4 Qe6 42. Rd5 Re7 43. Rfd3 Rf7 44. Rd1 Qf6 45. Be3 h5 46. Rd7 Rf8 47. Kg2 Kh8 48. Rh1 Bh6 49. Bxh6 Nxg3 50. Qe3 Nxh1 51. Bg7+ Qxg7 52. Rxg7 Nxf2 53. Qh6# 1-0

[Event "*** Titled Tuesday Blitz"]
[Site "Chess.com"]
[Date "2021.04.06"]
[Round "9"]
[White "tylityli"]
[Black "frenchpin"]
[Result "0-1"]
[WhiteElo "2339"]
[BlackElo "2510"]
[TimeControl "180+1"]
[EndTime "11:46:29 PDT"]
[Termination "frenchpin won on time"]

1. d4 e6 2. c4 Nf6 3. Nc3 Bb4 4. e3 O-O 5. Ne2 d5 6. a3 Bd6 7. cxd5 exd5 8. g3 c6 9. Bg2 Bf5 10. O-O Nbd7 11. f3 Re8 12. Re1 h5 13. Nf4 g5 14.
Nd3 g4 15. e4 gxf3 16. exf5 fxg2 17. Kxg2 Qb6 18. Be3 Re7 19. Qd2 Rae8 20. b4 a5 21. Rab1 Kh7 22. Na4 Qa6 23. Nac5 Bxc5 24. Nxc5 Nxc5 25. dxc5 axb4 26. axb4 Ng4 27. Bd4 Rxe1 28.
Rxe1 Rxe1 29. Qxe1 Qa2+ 30. Bf2 Kg7 31. Qc3+ f6 32. Qf3 Qd2 33. h3 Nxf2 34. Qxf2 Qxf2+ 35. Kxf2 Kh6 36. h4 Kg7 37. Ke3 Kf7 38. Kf4 Ke7 39. Ke3 Kd7 40. Kd4 Kc7 41. g4 hxg4 42. h5 g3 43. Ke3 d4+ 44. Kf3 d3 45. h6 d2 46. Ke2 g2 47. h7 d1=Q+ 48. Kxd1 g1=Q+ 0-1

[Event "*** Titled Tuesday Blitz"]
[Site "Chess.com"]
[Date "2021.04.06"]
[Round "9"]
[White "Annagozel"]
[Black "CzechmVIII"]
[Result "0-1"]
[WhiteElo "1866"]
[BlackElo "2203"]
[TimeControl "180+1"]
[EndTime "11:46:29 PDT"]
[Termination "CzechmVIII won on time"]

1. e4 c5 2. Nf3 d6 3. d4 cxd4 4. Nxd4 Nf6 5. Nc3 g6 6. Be2 Bg7 7. Be3 Nc6 8. O-O O-O 9. f4 Qb6 10. Nf5 Qxb2 11. Na4 Qb4 12. Nxg7 Qxa4 13. e5 dxe5 14.
fxe5 Nxe5 15. Bd4 Nc6 16. Bxf6 exf6 17. Rxf6 Kxg7 18. Rd6 Bf5 19. Bd3 Bxd3 20. Qxd3 Rad8 21. Qc3+ Kg8 22. Rad1 Rxd6 23. Rxd6 Qb4 24. Qxb4 Nxb4 25.
Rd7 Rb8 26. a3 Nxc2 27. Rd3 b5 28. Kf2 a5 29. Ke2 b4 30. axb4 axb4 31. Kd2 b3 32. Kc1 b2+ 33. Kb1 Ne1 34. Rd2 Kg7 35. Re2 Nd3 36.
Rd2 Ne5 37. Re2 f6 38. h3 h5 39. Rc2 Kh6 40. h4 g5 41. Rf2 Kg6 42. hxg5 Kxg5 43.
Re2 Ng4 44. Rd2 Kh4 45. Rc2 Kg3 46. Rd2 Nf2 47. Re2 Kxg2 48. Re1 h4 0-1

[Event "*** Titled Tuesday Blitz"]
[Site "Chess.com"]
[Date "2021.04.06"]
[Round "9"]
[White "Durarbayli"]
[Black "Isajevsky_Anton"]
[Result "0-1"]
[WhiteElo "2718"]
[BlackElo "2579"]
[TimeControl "180+1"]
[EndTime "11:46:30 PDT"]
[Termination "Isajevsky_Anton won on time"]

1. e4 c5 2. Nf3 d6 3. d4 cxd4 4. Nxd4 Nf6 5. Nc3 a6 6. g3 Bg4 7.
f3 Bd7 8. Be3 Nc6 9. Qd2 Rc8 10.
O-O-O h5 11. h3 g6 12. Nxc6 Bxc6 13. Bd4 Bg7 14. Kb1 b5 15. Bd3 O-O 16. g4 b4 17.
Nd5 e5 18. Bb6 Qd7 19. Nxf6+ Bxf6 20. gxh5 Rb8 21. hxg6 Rxb6 22. Qh6 fxg6 23. Bc4+ d5 24. Rxd5 Bxd5 25. Bxd5+ Rf7 26. Qxg6+ Kf8 27. Bxf7 Qxf7 28.
Qg4 Qe6 29. Qh5 Bg7 30. h4 a5 31. Qg5 a4 32. Qd8+ Kf7 33. Rd1 Rb7 34. h5 b3 35.
cxb3 axb3 36. a4 Qc6 37. Rc1 Qe6 38. Qd5 Qxd5 39. exd5 Ra7 40. Rc4 Ke7 41. Rg4 Bh6 42.
Rg6 Bf4 43. h6 Kf8 0-1

[Event "*** Titled Tuesday Blitz"]
[Site "Chess.com"]
[Date "2021.04.06"]
[Round "9"]
[White "Abund"]
[Black "sergeikim"]
[Result "1-0"]
[WhiteElo "2730"]
[BlackElo "2529"]
[TimeControl "180+1"]
[EndTime "11:46:31 PDT"]
[Termination "Abund won on time"]

1. e4 e5 2. Nf3 Nc6 3. Bc4 Bc5 4. c3 Nf6 5. d4 exd4 6. e5 d5 7. Bb5 Ne4 8. cxd4 Bb6 9. Nc3 O-O 10. Be3 Bg4 11.
h3 Bh5 12. Qc2 Bg6 13. Qb3 Ne7 14. O-O c6 15. Bd3 Nd2 16. Nxd2 Bxd3 17. Rfd1 Bg6 18. Na4 Nf5 19. Nf3 Nxe3 20. Qxe3 Re8 21. Re1 Qd7 22. Nxb6 axb6 23. a4 h6 24. Qb3 Ra6 25. Qb4 Be4 26. Nd2 Bg6 27. a5 bxa5 28. Rxa5 Rxa5 29. Qxa5 Qf5 30. Qb4 Qc2 31. Nf1 b5 32. Ne3 Qd3 33. Rc1 Re6 34. Ra1 Kh7 35. Qc3 Qe4 36. Nf1 f6 37. Ng3 Qf4 38. Re1 fxe5 39.
dxe5 d4 40. Qc5 d3 41. Nf1 Be4 42. Qe3 Qxe3 43. Rxe3 Bg6 44. b4 Kg8 45. g4 Kf7 46. f4 Bh7 47. f5 Re8 48. e6+ Kf6 49. Rxd3 h5 50. Rd7 hxg4 51. Rf7+ 1-0

[Event "*** Titled Tuesday Blitz"]
[Site "Chess.com"]
[Date "2021.04.06"]
[Round "9"]
[White "noblerone"]
[Black "chescomhuynya"]
[Result "0-1"]
[WhiteElo "2400"]
[BlackElo "2568"]
[TimeControl "180+1"]
[EndTime "11:46:31 PDT"]
[Termination "chescomhuynya won on time"]

1. d4 Nf6 2. Nf3 g6 3. Bg5 Bg7 4. Nbd2 d5 5. e3 O-O 6. Be2 c5 7. c3 Nc6 8. O-O h6 9. Bh4 g5 10. Bg3 Nh5 11. dxc5 Nxg3 12. hxg3 a5 13. a4 e5 14. Nb3 Be6 15. Qc2 f5 16. Rad1 g4 17. Nh4 Qf6 18. Bb5 f4 19. Qg6 d4 20. Nd2 Qxg6 21. Nxg6 Rf6 22. Nh4 dxe3 23. fxe3 fxe3 24. Ne4 Rxf1+ 25. Kxf1 Na7 26. Ke2 Nxb5 27. axb5 Bc4+ 28. Kxe3 Bxb5 29. Nf5 Bf8 30. Nf6+ Kf7 31. Ne4 Bc6 32. Nfd6+ Ke6 33. Rf1 Be7 34. Rh1 Rh8 35. Rf1 a4 36. Rh1 h5 37. Rf1 b6 38. Nc4 bxc5 39. Ncd2 Rb8 40. Rh1 Rxb2 41. Rxh5 a3 42. Rh6+ Kd7 43. Rh1 a2 44. Ra1 Bd5 45. c4 Be6 46. Nc3 Bg5+ 0-1

[Event "*** Titled Tuesday Blitz"]
[Site "Chess.com"]
[Date "2021.04.06"]
[Round "9"]
[White "Matols"]
[Black "TooOldTooSlow70"]
[Result "0-1"]
[WhiteElo "2316"]
[BlackElo "2497"]
[TimeControl "180+1"]
[EndTime "11:46:31 PDT"]
[Termination "TooOldTooSlow70 won on time"]

1. d4 g6 2. c4 Bg7 3. g3 d6 4. Bg2 h5 5. Nf3 Nh6 6. Bg5 Nd7 7. Nc3 Nf6 8. Qd2 Nf5 9. e4 Nh6 10. O-O-O c6 11. Rhe1 Bg4 12. h3 Bxf3 13. Bxf3 e5 14. Kb1 Nhg8 15. Qe3 Qe7 16. dxe5 dxe5 17. Rd2 Bh6 18.
Bxh6 Nxh6 19. Red1 Nhg8 20. Na4 Kf8 21. Nc5 Kg7 22.
h4 Nh6 23. Nd7 Rhd8 24. Qg5 Re8 25. Bxh5 Nxd7 26. Rxd7 Qxg5 27. hxg5 Ng8 28. Bg4 Rab8 29. Rc7 Re7 30. Rdd7 Rxd7 31. Rxd7 Kf8 32. Kc2 Ne7 33. Kc3 a5 34. a3 b5 35. b4 axb4+ 36. axb4 Ng8 37.
cxb5 cxb5 38. Kb3 Ne7 39. Rc7 Rd8 40. Rb7 Rd3+ 41. Kc2 Rd4 42. Rxb5 Rxe4 43. Bf3 Rc4+ 44. Kb3 Rd4 45. Rb8+ Kg7 46. Kc3 Rd7 47. Rb7 Nd5+ 0-1

[Event "*** Titled Tuesday Blitz"]
[Site "Chess.com"]
[Date "2021.04.06"]
[Round "9"]
[White "DonBroca"]
[Black "if_name_main_a"]
[Result "0-1"]
[WhiteElo "2208"]
[BlackElo "2330"]
[TimeControl "180+1"]
[EndTime "11:46:31 PDT"]
[Termination "if_name_main_a won by checkmate"]

1. e4 e6 2. d4 d5 3. exd5 exd5 4. Bd3 Bd6 5. Ne2 Ne7 6. Bf4 O-O 7. O-O c6 8. c3 Qc7 9. Qd2 Nd7 10. Na3 Nf6 11. Nc2 Ng6 12. Bxd6 Qxd6 13. Ne3 Ne4 14. Qc2 Re8 15.
Rfe1 Bd7 16. f3 Ng5 17. Nf5 Qf6 18. a3 Bxf5 19. Bxf5 Nh4 20. Bg4 g6 21. Ng3 h5 22.
Rxe8+ Rxe8 23. Bxh5 gxh5 24. Nxh5 Qe6 25. Qf2 Qe3 26. f4 Qxf2+ 27. Kxf2 Ne4+ 28. Kf1 Nf5 29. g4 Ne3+ 30. Kg1 Nxg4 31. h3 Ne3 32. Re1 Nf5 33. Rxe4 dxe4 34. Nf6+ Kf8 35. Nxe8 Kxe8 36. Kf2 Ke7 37.
h4 Kf6 38. h5 Kg7 39. Ke2 Kh6 40. c4 Kxh5 41. d5 cxd5 42. cxd5 Kg4 43. b4 Nd6 44.
b5 Kxf4 45. a4 f5 46. a5 Ke5 47. a6 b6 48. Kf2 Kxd5 49. Ke2 f4 50. Kd2 Nxb5 51. Ke2 Nc7 52. Kf2 Nxa6 53. Ke2 Nc5 54. Kd2 a5 55. Ke2 b5 56. Ke1 Kd4 57. Ke2 b4 58. Ke1 a4 59. Kd2 b3 60. Kc1 a3 61.
Kb1 e3 62. Ka1 f3 63. Kb1 f2 64. Kc1 Kd3 65. Kd1 e2+ 66. Kc1 Ne4 67. Kb1 Kd2 68.
Ka1 e1=N 69. Kb1 f1=R 70. Ka1 Nc2# 0-1

[Event "*** Titled Tuesday Blitz"]
[Site "Chess.com"]
[Date "2021.04.06"]
[Round "9"]
[White "alexrustemov"]
[Black "Two_Towers_Krakow"]
[Result "1/2-1/2"]
[WhiteElo "2650"]
[BlackElo "2522"]
[TimeControl "180+1"]
[EndTime "11:46:33 PDT"]
[Termination "Game drawn by repetition"]

1. d4 Nf6 2. c4 e6 3. Nf3 b6 4. a3 Ba6 5. Qc2 Bb7 6. Nc3 c5 7.
dxc5 Bxc5 8. Bf4 a6 9. e3 O-O 10. h3 d5 11. Be2 Nbd7 12. Rd1 h6 13. O-O Rc8 14. b4 Be7 15. Qb3 dxc4 16. Bxc4 b5 17. Be2 Qb6 18. Ne5 Nxe5 19. Bxe5 Nd5 20. Nxd5 Bxd5 21.
Qb2 f6 22. Bd4 Qb7 23. f3 e5 24. Bc3 Bc4 25. Be1 e4 26. Rd4 Bxe2 27. Qxe2 exf3 28. Qxf3 Qxf3 29. gxf3 Rfd8 30. Rxd8+ Rxd8 31. Bf2 Rd3 32. Ra1 Bd6 33. Ra2 Be5 34. Kf1 Rd1+ 35. Ke2 Ra1 36.
Rxa1 Bxa1 37. Kd3 Bb2 38. Kc2 Be5 39. Kb3 Kf7 40. a4 Ke6 41. axb5 axb5 42. Kc2 f5 43.
Kd3 h5 44. f4 Bd6 45. Be1 Kd5 46.
Bd2 g6 47. Be1 Be7 48. Bd2 Bh4 49. Bc3 Bf2 50. Bd2 Bg1 51. Bc3 Bf2 52. Bd2 Bh4 53. Bc3 Be7 54. Bd2 g5 55. fxg5 Bxg5 56. Bc3 Be7 57.
Bd2 Bd6 58. Bc3 Be7 59. Bd2 Bd6 60. Bc3 Be7 1/2-1/2

[Event "*** Titled Tuesday Blitz"]
[Site "Chess.com"]
[Date "2021.04.06"]
[Round "9"]
[White "karinachess1"]
[Black "GMRafpig"]
[Result "1/2-1/2"]
[WhiteElo "2498"]
[BlackElo "2607"]
[TimeControl "180+1"]
[EndTime "11:46:34 PDT"]
[Termination "Game drawn by agreement"]

1. c4 Nf6 2. Nf3 e6 3. d4 d5 4.
Nc3 dxc4 5. Qa4+ c6 6. Qxc4 b5 7. Qd3 a6 8. Bg5 c5 9. e4 cxd4 10. Nxd4 Bc5 11. O-O-O Bxd4 12. Qxd4 Qxd4 13. Rxd4 Nc6 14.
Rd6 Ne5 15. f3 Bd7 16. Be2 b4 17. Nd1 Bb5 18. Re1 O-O 19. Ne3 Rfd8 20. Rxd8+ Rxd8 21. Bxb5 axb5 22. Kc2 Nc6 23. Ng4 b3+ 24. axb3 Nd4+ 25.
Kb1 Nxb3 26. Nxf6+ gxf6 27. Bxf6 Ra8 28. Kc2 Na5 29. b3 Nc6 30. Bc3 b4 31. Bb2 Rc8 32. Kb1 Na5 33. Re3 Rd8 34. Kc2 Rc8+ 35. Kb1 Rd8 36. Kc2 Rc8+ 37. Kd2 Rd8+ 38. Ke2 Rc8 39. Kd2 Rd8+ 40. Rd3 Nxb3+ 41. Kc2 Rxd3 42. Kxd3 Na5 43. Kd4 Nb7 44. Kc4 f5 45. Kxb4 fxe4 46. fxe4 Nd6 47. e5 Nf5 48. Kc5 Ne3 49. g3 Nf1 50. Kd4 Nxh2 51. Ke4 Ng4 52. Kf4 Nh6 53. g4 Kf7 54. Bd4 Ng8 55. Bc3 Ne7 56. Bd4 1/2-1/2

[Event "*** Titled Tuesday Blitz"]
[Site "Chess.com"]
[Date "2021.04.06"]
[Round "9"]
[White "Vincent_Vega95"]
[Black "shimastream"]
[Result "0-1"]
[WhiteElo "2713"]
[BlackElo "2950"]
[TimeControl "180+1"]
[EndTime "11:46:35 PDT"]
[Termination "shimastream won by resignation"]

1. Nf3 e6 2. g3 g5 3. Bg2 g4 4.
Nd4 Bg7 5. e3 h5 6. h3 Nf6 7. c4 d5 8. cxd5 exd5 9. Qc2 Na6 10. a3 c6 11. Nc3 Nc7 12. Nf5 Bxf5 13. Qxf5 Qd7 14. Qxd7+ Kxd7 15. d4 Nce8 16. hxg4 hxg4 17. Rxh8 Bxh8 18. Ke2 Nd6 19. Bd2 Bg7 20. Rh1 Rh8 21. Rxh8 Bxh8 22. b3 Ke6 23. Kd3 Kf5 24. Na4 Nfe4 25.
Be1 Bf6 26. Bf1 Nb5 27. Bg2 Nxa3 28. Bxe4+ dxe4+ 29. Kc3 Be7 30. Kb2 Nb5 31. b4 Ke6 32. Kb3 Kd5 33. Nb2 Nd6 34. Na4 Nb5 35. Nb2 Bd6 36. Nc4 Bc7 37. Nb2 f6 38. Na4 Bd6 39.
Nb2 Ke6 40. Nc4 Bc7 41. Nd2 f5 42. Nb1 Bd6 43. Nd2 Nc7 44. Nc4 b6 45. Na3 Nd5 46. Nc4 Bc7 47. Nb2 Kd7 48. Nc4 Bd6 49. Na3 Kc7 50.
Bd2 Kd7 51. Nc2 b5 52. Ne1 Ke6 53. Ng2 Nb6 54. Be1 Nc4 55. Nh4 Be7 56. Ng6 Bg5 57. Nf8+ Ke7 58. Ng6+ Kf7 59. Nf4 Bxf4 60. exf4 Ke6 61.
Bc3 Kd5 62. Kc2 e3 0-1

[Event "*** Titled Tuesday Blitz"]
[Site "Chess.com"]
[Date "2021.04.06"]
[Round "9"]
[White "PushingpawnsNYC"]
[Black "ChainsOfFantasia"]
[Result "0-1"]
[WhiteElo "2300"]
[BlackElo "2423"]
[TimeControl "180+1"]
[EndTime "11:46:36 PDT"]
[Termination "ChainsOfFantasia won on time"]

1. e4 e6 2. d4 d5 3. Bd3 dxe4 4.
Bxe4 Nf6 5. Bf3 c5 6. Ne2 Nc6 7. Be3 e5 8. Bxc6+ bxc6 9. dxc5 Qxd1+ 10. Kxd1 Ng4 11. b4 a5 12. c3 Be6 13. Kc2 Be7 14. Nd2 O-O 15. a3 f5 16. Nb3 f4 17. Bd2 a4 18.
Na5 Nxf2 19. Raf1 Ne4 20. Ng1 Rac8 21. Nf3 Bf6 22. Bc1 Bf5 23. Kb2 g5 24. h3 Rfd8 25.
Rd1 Nf2 26. Rxd8+ Bxd8 27. Rf1 Nd3+ 28. Ka1 Bxa5 29. bxa5 Rb8 30. g4 Bg6 31. Nd2 Nxc5 32. Bb2 e4 33. h4 e3 34. Nf3 Bd3 35. Rh1 e2 36. Nxg5 Nb3+ 37. Ka2 h6 38. Ne6 Be4 39. Re1 f3 40. Nd4 Nxd4 41. cxd4 f2 42. Rxe2 f1=Q 43.
Rxe4 Qc4+ 44. Ka1 Qf1+ 45. Ka2 Qc4+ 46. Ka1 Qd5 47. Re5 Qh1+ 48. Ka2 Qf3 49. Bc1 Qb3+ 0-1

[Event "*** Titled Tuesday Blitz"]
[Site "Chess.com"]
[Date "2021.04.06"]
[Round "9"]
[White "Hikaru"]
[Black "Sibelephant"]
[Result "1-0"]
[WhiteElo "3237"]
[BlackElo "3116"]
[TimeControl "180+1"]
[EndTime "11:46:37 PDT"]
[Termination "Hikaru won by resignation"]

1. Nf3 d5 2. b3 Bg4 3. Bb2 Nd7 4. d4 e6 5. Nbd2 Ngf6 6. e3 Bd6 7. Be2 O-O 8. O-O Qe7 9. a3 c5 10. dxc5 Nxc5 11.
c4 dxc4 12. Nxc4 Bc7 13. Nd4 Bxe2 14. Qxe2 a6 15. a4 e5 16. Nf3 e4 17. Nd4 Rfd8 18.
Ba3 Rd5 19. Rac1 Qd7 20. Bxc5 Rxc5 21. Rfd1 Rd5 22. Nc2 Rd8 23. Rxd5 Nxd5 24. Nd4 b5 25. axb5 axb5 26. Nd2 Be5 27. Qxb5 h5 28. Qxd7 Rxd7 29. Nxe4 Bxd4 30. exd4 Nf4 31. Rd1 Rxd4 32. Rxd4 Ne2+ 33.
Kf1 Nxd4 34. b4 Kf8 35. f3 Ke7 36. Kf2 Ke6 37. Nc3 Kd6 38. Kg3 g5 39. Ne4+ Ke5 40.
Nxg5 Nf5+ 41. Kf2 f6 42. Ne4 Nd4 43. h4 Nf5 44. g3 Nd4 45. Nc3 Kd6 46. Ne2 Ne6 47. g4 Ng7 48. Ng3 hxg4 49. fxg4 Ke5 50. b5 Ne6 51. b6 Nc5 52. h5 Ke6 53. Nf5 Kf7 54. Nd6+ Kg7 55. b7 Nd7 56. Ke3 Kh6 57. Kf4 Kg7 58. Kf5 Kh7 59. Ke6 Nb8 60. Kxf6 1-0

[Event "*** Titled Tuesday Blitz"]
[Site "Chess.com"]
[Date "2021.04.06"]
[Round "9"]
[White "Semetey"]
[Black "NikolaGry"]
[Result "0-1"]
[WhiteElo "2525"]
[BlackElo "2697"]
[TimeControl "180+1"]
[EndTime "11:46:37 PDT"]
[Termination "NikolaGry won on time"]

1. e4 d6 2. d4 Nf6 3. Bd3 e5 4. c3 Nbd7 5. Nf3 Be7 6. O-O O-O 7. Re1 c6 8. Nbd2 Qc7 9. Nf1 Re8 10. Ng3 Nf8 11.
h3 h6 12. a4 Bd7 13. Be3 Rad8 14. a5 c5 15. d5 Ng6 16. b4 Nf4 17. Bf1 b6 18. Qb3 g5 19. axb6 axb6 20. Ra6 Rb8 21.
Rea1 Rb7 22. Bxf4 exf4 23. Nf5 Bf8 24. Ra8 Rxa8 25. Rxa8 Rb8 26. Rxb8 Qxb8 27. bxc5 dxc5 28. Bd3 b5 29. c4 Bxf5 30. exf5 b4 31. Bc2 Qe8 32. Kf1 Bd6 33. Qa4 Qxa4 34. Bxa4 Ne4 35. Bc2 Nf6 36. Nd2 Kg7 37. Ke2 Kf8 38. Kd3 Ke7 39.
Nb3 Nd7 40. Na5 Ne5+ 41. Ke4 Bc7 42. Nb7 Nxc4 43. Nxc5 Nd6+ 44. Kd4 Bb6 45. g4 Nb7 46. Kc4 Bxc5 47. f3 Kd6 48. Ba4 f6 49. Bb3 Na5+ 50.
Kd3 Nxb3 0-1

[Event "*** Titled Tuesday Blitz"]
[Site "Chess.com"]
[Date "2021.04.06"]
[Round "9"]
[White "InitiatingASC"]
[Black "Harry_Rakkel"]
[Result "1/2-1/2"]
[WhiteElo "2434"]
[BlackElo "2575"]
[TimeControl "180+1"]
[EndTime "11:46:37 PDT"]
[Termination "Game drawn by repetition"]

1. Nf3 Nf6 2. b3 d5 3. Bb2 Bf5 4. e3 e6 5. c4 Be7 6. cxd5 exd5 7. Be2 O-O 8. O-O a5 9. a3 h6 10. d3 Re8 11. Nbd2 c6 12. Qc2 Nbd7 13. Rac1 Bh7 14.
Rfe1 Qb6 15. Qb1 Rad8 16. Bd1 Bd6 17. Nf1 Ne5 18. Bc2 Nxf3+ 19. gxf3 Be5 20. Bxe5 Rxe5 21. d4 Rh5 22. Ng3 Rh4 23. Bxh7+ Nxh7 24. Nf5 Rh3 25. Kg2 Rh5 26. Ng3 Rg5 27. h4 Rg6 28. h5 Rf6 29. Rg1 Kh8 30. f4 Rg8 31. Kh2 Qd8 32. Rg2 Qd7 33. Rcg1 Qg4 34. Rh1 Re6 35. Kg1 Qf3 36.
Nf5 Nf6 37. Rg3 Qe2 38. Rh2 Ne4 39. f3 Nxg3 40. Rxe2 Nxe2+ 41. Kf2 Nc3 42. Qb2 Nb5 43. a4 Nd6 44. Qc2 Rge8 45. Nxd6 Rxd6 46. e4 dxe4 47. fxe4 Rxd4 48. Kf3 Rexe4 49. Qc5 Rxf4+ 50. Ke3 Rde4+ 51. Kd3 Rb4 52. Qxa5 Rxb3+ 53. Ke2 Kh7 54. Kd2 Rf2+ 55. Ke1 Ra2 56. Qf5+ Kg8 57. Qc8+ Kh7 58. Qf5+ Kh8 59. Qc8+ Kh7 60. Qf5+ 1/2-1/2

[Event "*** Titled Tuesday Blitz"]
[Site "Chess.com"]
[Date "2021.04.06"]
[Round "9"]
[White "UKR_Master"]
[Black "ffbp3q"]
[Result "1-0"]
[WhiteElo "2494"]
[BlackElo "2373"]
[TimeControl "180+1"]
[EndTime "11:46:39 PDT"]
[Termination "UKR_Master won on time"]

1. e4 c5 2. Nf3 d6 3. c3 Nf6 4. h3 g6 5. Bd3 Bg7 6. O-O O-O 7. Bc2 Nc6 8. d4 cxd4 9. cxd4 Bd7 10. Nc3 Rc8 11. Be3 a6 12. Rc1 Na5 13. e5 Ne8 14. Qe2 Nc4 15. Bb3 Nxe3 16. Qxe3 e6 17. Ne4 Bc6 18. Rcd1 d5 19. Nc3 Nc7 20. Nh2 Nb5 21.
Ne2 Na7 22. Rfe1 Bb5 23. Nf4 Bc4 24. Ng4 Qe7 25. Bxc4 Rxc4 26. Qg3 Rfc8 27. Re2 Rc2 28. Red2 R8c6 29. h4 h5 30. Ne3 Rxd2 31. Rxd2 Rc1+ 32.
Kh2 Nc6 33. Nd3 Ra1 34. Nc5 Nxd4 35. Nxb7 Qxb7 36. Rxd4 Qxb2 37. Qf4 Rxa2 38. Kg3 Ra3 39. Kf3 Rb3 40. Ra4 Rb6 41. g4 Qxe5 42. gxh5 Qxf4+ 43. Kxf4 gxh5 44. Ra5 Rc6 45. Ng2 Kf8 46. Kf3 Ke7 47. Nf4 Kd6 48. Nxh5 d4 49. Nxg7 d3 50. Ke3 Rc3 51. h5 1-0

[Event "*** Titled Tuesday Blitz"]
[Site "Chess.com"]
[Date "2021.04.06"]
[Round "9"]
[White "PchelkinVK"]
[Black "alejogarcia1999"]
[Result "1-0"]
[WhiteElo "2581"]
[BlackElo "2418"]
[TimeControl "180+1"]
[EndTime "11:46:40 PDT"]
[Termination "PchelkinVK won by checkmate"]

1. d4 Nf6 2. Nc3 d5 3. Bf4 c6 4. Nf3 g6 5. Qd2 h6 6. Ne5 Bg7 7. f3 Qb6 8. O-O-O a5 9. g4 a4 10. a3 Qa5 11. Kb1 b5 12. Nd3 Qb6 13. h4 Na6 14.
Na2 h5 15. g5 Nd7 16. e3 O-O 17. Bh3 e6 18. Bd6 Re8 19. Nab4 c5 20. Nxa6 Qxd6 21.
Naxc5 e5 22. Nxd7 Bxd7 23. Bxd7 Qxd7 24. dxe5 b4 25. Qxb4 Rab8 26. Qd4 Qb5 27. f4 Bf8 28. Ka2 Re6 29. Nb4 Bxb4 30. Qxb4 Qe8 31. Qd4 Reb6 32. Rb1 Qe6 33. Rhd1 Rb5 34. Ka1 Qa6 35. e4 dxe4 36. Qxe4 Qc8 37. Qxa4 Qh3 38. e6 Qxe6 39. Re1 Qh3 40.
c4 R5b7 41. Re8+ Rxe8 42. Qxe8+ Kh7 43. Qe5 Qd7 44. Qd5 Qc7 45. c5 Rb5 46. Rc1 Qa7 47. Ka2 Qb8 48. Qxf7+ Kh8 49. Qf6+ Kh7 50. Rd1 Rb7 51.
Rd8 Qc7 52. Qh8# 1-0

[Event "*** Titled Tuesday Blitz"]
[Site "Chess.com"]
[Date "2021.04.06"]
[Round "9"]
[White "TheCount"]
[Black "VinzentSpitzl"]
[Result "1-0"]
[WhiteElo "2611"]
[BlackElo "2427"]
[TimeControl "180+1"]
[EndTime "11:46:41 PDT"]
[Termination "TheCount won by resignation"]

1. d4 d5 2. c4 e6 3. Nc3 Nf6 4. Bf4 Bb4 5. Qa4+ Nc6 6. e3 O-O 7.
Nf3 Re8 8. Qb3 Ne4 9. Bd3 Bd7 10. O-O dxc4 11. Qxc4 Nxc3 12. bxc3 Bd6 13. Qb3 Rb8 14. Bg5 Be7 15. Bf4 Bd6 16. Bg3 e5 17. Qc2 h6 18.
d5 Ne7 19. c4 b6 20. Nxe5 Bxe5 21. Bxe5 Nxd5 22. Bh7+ Kh8 23. Bxg7+ Kxg7 24. cxd5 Qg5 25. Be4 Rg8 26. g3 Qe5 27. Bg2 f5 28. Rac1 Rbc8 29.
Rfd1 Bb5 30. Rd4 Kh8 31. Rf4 Rgf8 32. a4 Bd7 33. Rh4 Rf6 34. a5 bxa5 35. Qc5 Qd6 36. Qxa5 Qb6 37. Qc3 Kh7 38. Rb4 Qd6 39. Rb7 a5 40.
Qxa5 Rf7 41. Rbxc7 Rxc7 42. Qxc7 Qf6 43. Qc3 Qd6 44.
h4 Qg6 45. Qd4 Qd6 46. Qf4 Qg6 47. Qe5 Re7 48. Qxe7+ 1-0

[Event "*** Titled Tuesday Blitz"]
[Site "Chess.com"]
[Date "2021.04.06"]
[Round "9"]
[White "Ajedrez_con_German"]
[Black "Ze-Pequeno"]
[Result "1-0"]
[WhiteElo "2478"]
[BlackElo "2269"]
[TimeControl "180+1"]
[EndTime "11:46:41 PDT"]
[Termination "Ajedrez_con_German won on time"]

1. d4 Nf6 2. Bf4 c5 3. e3 Qb6 4.
b3 g6 5. Nf3 Bg7 6. Be2 O-O 7.
O-O d6 8. h3 a6 9. Bh2 Nbd7 10.
c4 Qa5 11. Qd2 Qxd2 12. Nbxd2 b6 13. Bd3 Bb7 14. d5 b5 15. e4 Ne8 16. Rab1 b4 17. Rfe1 f6 18. Nh4 a5 19. f4 a4 20. Nhf3 Nc7 21. e5 f5 22. exd6 exd6 23. Re7 Rf7 24. Rbe1 Bf6 25. Rxf7 Kxf7 26. Ng5+ Bxg5 27. fxg5 Ne8 28. g4 fxg4 29. hxg4 axb3 30. axb3 Ra2 31. Ne4 Ra6 32. Rf1+ Kg7 33. Re1 Kf7 34. Rf1+ Ke7 35.
Bf4 Ne5 36. Bxe5 dxe5 37. Nxc5 Ra7 38. Nxb7 Rxb7 39. c5 Ra7 40. Bc4 Ra2 41. d6+ Nxd6 42. cxd6+ Kxd6 43. Rf7 e4 44. Rxh7 Ke5 45. Rg7 Kf4 46.
Rxg6 Ra1+ 47. Kf2 e3+ 48. Ke2 Ra2+ 49. Ke1 Ra1+ 50. Ke2 Ra2+ 51. Kf1 Ra1+ 52. Kg2 1-0